 Dungeon Crawl Stone Soup version 0.29.0-4-gdea44cf6ec (webtiles) character file.

Game seed: 15637881539701744837

385 qw the Chopper (level 6, 0/79 HPs)
             Began as a Minotaur Berserker on Sept 10, 2022.
             Was a Believer of Trog.
             Succumbed to a killer bee's poison
             ... on level 4 of the Dungeon.
             The game lasted 00:00:55 (3845 turns).

qw the Chopper (Minotaur Berserker)                 Turns: 3845, Time: 00:00:56

Health: 0/79       AC: 15    Str: 23    XL:     6   Next: 48%
Magic:  5/5        EV: 11    Int:  4    God:    Trog [**....]
Gold:   175        SH:  5    Dex: 10    Spells: 5/5 levels left

rFire   + . .      SeeInvis .   Y - +1 hand axe
rCold   . . .      Faith    .   (no shield)
rNeg    . . .      Spirit   .   c - +0 plate armour
rPois   .          Reflect  +   (helmet restricted)
rElec   .          Harm     .   d - +0 cloak
rCorr   .          Rampage  .   k - +0 pair of gloves
Will    .....                   m - +0 pair of boots
Stlth   ..........              g - amulet of reflection
HPRegen 0.23/turn               n - ring of protection from fire
MPRegen 0.09/turn               o - +4 ring of evasion

@: berserking, lethally poisoned (0 -> -10), very quick
A: horns 2, retaliatory headbutt
a: Renounce Religion, Berserk, Trog's Hand


You were on level 4 of the Dungeon.
You worshipped Trog.
Trog was pleased with you.
You visited 1 branch of the dungeon, and saw 4 of its levels.

You collected 175 gold pieces.


Innate Abilities, Weirdness & Mutations

You have a pair of horns on your head.
You reflexively headbutt those who attack you in melee.


   Skills:
 - Level 4.4 Fighting
 + Level 7.8 Axes
 - Level 1.0 Throwing
 - Level 3.7 Armour
 - Level 2.1 Dodging


You had 5 spell levels left.
You didn't know any spells.
Your spell library was empty.

Inventory:

Hand Weapons
 l - the +10 whip of Vanity {flame, rC+ Int+2 Stlth+}
   (You found it on level 3 of the Dungeon)

   It burns those it strikes, dealing additional fire damage.
   Int:       It affects your intelligence (+2).
   rC:        It protects you from cold.
   Stlth:     It makes you more stealthy.
 Y - a +1 hand axe (weapon)
Missiles
 j - 7 javelins (quivered)
Armour
 c - a +0 plate armour (worn)
 d - a +0 cloak (worn)
 k - a +0 pair of gloves (worn)
 m - a +0 pair of boots (worn)
Jewellery
 g - an amulet of reflection (around neck)
 n - a ring of protection from fire (left hand)
 o - a +4 ring of evasion (right hand)
Scrolls
 a - a scroll of identify
Potions
 f - a potion of lignification {unknown}
 h - a potion of cancellation {unknown}
 i - a potion of degeneration {unknown}

Dungeon Overview and Level Annotations

Branches:
Dungeon (4/15)
 Temple: D:4-7

Altars:
Ashenzari
Cheibriados
Uskayaw
Wu Jian
Yredelemnul

Annotations:
D:3 2 transporters


Message History

You hit the killer bee.
You feel sick.
The killer bee stings you but does no damage.
The killer bee barely misses you. You furiously retaliate!
You headbutt the killer bee!
You kill the killer bee!
Trog accepts your kill. The killer bee stings you.
You miss the killer bee.
The killer bee is severely wounded.
You hit the orc.
You feel sick.
The killer bee stings you but does no damage.
You closely miss the killer bee.
The killer bee is severely wounded.
You slash the orc!
You kill the orc!
Trog accepts your kill.
You feel sick. The killer bee stings you.
You are lethally poisoned!
The killer bee poisons you!
You hit the killer bee.
The killer bee is almost dead.
You hit the orc priest.
You feel sick. You block the killer bee's attack.
You miss the killer bee. Your headbutt misses the killer bee.
The killer bee is almost dead.
You hit the orc priest but do no damage.
You feel sick. The killer bee misses you. You furiously retaliate!
You headbutt the killer bee!
You kill the killer bee!
Trog accepts your kill.
The orc priest hits you but does no damage.
You slash the orc priest!
You kill the orc priest!
Trog accepts your kill.
You feel sick.
You slash the killer bee! Your punch misses the killer bee.
The killer bee is almost dead.
You die...

###### ####.....
#......./ #........
#########........
#................
###.######.........
#.@%# #.......))
###y######.........
o~.o..............^....
~~.####.###.##.........
#.# #.##.#####..# #.#
#.##.#####..# #.#
#.##......... #.#
#.######.#..# ..#
#............


You could see a killer bee.

Vanquished Creatures
  2 scorpions
  3 killer bees (D:4)
  An orc priest (D:4)
  3 adders (D:2)
  4 dart slugs
  3 orcs
  5 ball pythons
  2 endoplasms (D:2)
  A giant cockroach (D:2)
  8 goblins
  8 hobgoblins
  7 jackals (D:3)
  10 kobolds
  2 quokkas (D:1)
  4 bats
  4 frilled lizards
  4 rats
  A spectral orc (D:3)
72 creatures vanquished.

Vanquished Creatures (others)
  2 plants (D:4)
2 creatures vanquished.

Grand Total: 74 creatures vanquished

Notes
Turn   | Place    | Note
-------+----------+-------------------------------------------
     0 | D:1      | qw the Minotaur Berserker began the quest for the Orb.
     0 | D:1      | Reached XP level 1. HP: 19/19 MP: 0/0
     0 | D:1      | 0 ||| qw: Version: 0.1-a-116-g5d60599
     0 | D:1      | 0 ||| qw: Game counter: 7653
     0 | D:1      | 0 ||| qw: Always use a shield: true
     0 | D:1      | 0 ||| qw: Do Orc after D:15 true
     0 | D:1      | 0 ||| qw: Do second Lair branch before Depths: true
     0 | D:1      | 0 ||| qw: Lair rune preference: random
     0 | D:1      | 0 ||| qw: Plans: Normal
     0 | D:1      | 0 ||| PLANNING D:1-11
   163 | D:1      | Found a faded altar of an unknown god.
   209 | D:1      | Reached skill level 4 in Axes
   279 | D:1      | 279 ||| Stepping ~*~*~tactically~*~*~ (hiding).
   381 | D:1      | 381 ||| Stepping ~*~*~tactically~*~*~ (hiding).
   503 | D:1      | Reached XP level 2. HP: 26/26 MP: 1/1
   512 | D:1      | 512 ||| Stepping ~*~*~tactically~*~*~ (hiding).
   614 | D:1      | 614 ||| Stepping ~*~*~tactically~*~*~ (hiding).
   716 | D:1      | 716 ||| Stepping ~*~*~tactically~*~*~ (hiding).
   717 | D:1      | 717 ||| Stepping ~*~*~tactically~*~*~ (hiding).
  1452 | D:1      | 1452 ||| UPGRADING to +0 ring mail.
  1462 | D:1      | 1462 ||| DROPPING +0 animal skin.
  1463 | D:1      | 1463 ||| UPGRADING to amulet of reflection.
  1468 | D:1      | 1468 ||| READING 3 scrolls labelled QAISEO ADOSSA.
  1469 | D:1      | 1469 ||| READING scroll labelled GASEID BEETS.
  1470 | D:1      | 1470 ||| DROPPING 2 scrolls of immolation.
  1499 | D:2      | Reached skill level 5 in Axes
  1524 | D:2      | 1524 ||| Stepping ~*~*~tactically~*~*~ (hiding).
  1661 | D:2      | Reached XP level 3. HP: 31/31 MP: 2/2
  1722 | D:2      | 1722 ||| Stepping ~*~*~tactically~*~*~ (stealth).
  1728 | D:2      | 1728 ||| Stepping ~*~*~tactically~*~*~ (hiding).
  1901 | D:2      | Identified the +0 ring mail of Baldness {rPois rCorr Str+5
                  | Int-4}
  1931 | D:2      | Reached skill level 1 in Throwing
  2035 | D:2      | 2035 ||| DROPPING +0 mace.
  2589 | D:2      | Reached ** piety under Trog
  2590 | D:2      | Reached XP level 4. HP: 28/39 MP: 3/3
  2790 | D:2      | 2790 ||| UPGRADING to +0 plate armour.
  2800 | D:2      | 2800 ||| DROPPING +0 ring mail.
  2801 | D:2      | 2801 ||| DROPPING +0 ring mail of Baldness {rPois rCorr
                  | Str+5 Int-4}.
  2802 | D:2      | 2802 ||| READING scroll labelled MEMIMU FIECW.
  2803 | D:2      | 2803 ||| READING 2 scrolls of identify.
  2803 | D:2      | 2803 ||| IDENTIFYING grey potion
  2804 | D:2      | 2804 ||| DROPPING potion of ambrosia.
  2831 | D:3      | Found a transporter.
  2852 | D:3      | Found a transporter.
  2907 | D:3      | 2907 ||| Stepping ~*~*~tactically~*~*~ (stealth).
  2936 | D:3      | Reached skill level 6 in Axes
  2978 | D:3      | Found a snail-covered altar of Cheibriados.
  2993 | D:3      | 2993 ||| Stepping ~*~*~tactically~*~*~ (stealth).
  3028 | D:3      | Identified the +10 whip of Vanity {flame, rC+ Int+2 Stlth+}
  3030 | D:3      | 3030 ||| DROPPING +2 whip of draining.
  3048 | D:3      | Noticed a scorpion
  3063 | D:3      | Killed a scorpion
  3064 | D:3      | Reached XP level 5. HP: 37/45 MP: 4/4
  3199 | D:3      | Found an ornate altar of the Wu Jian Council.
  3313 | D:3      | Found a broken altar of Ashenzari.
  3388 | D:3      | Found a basalt altar of Yredelemnul.
  3562 | D:3      | 3562 ||| UPGRADING to +0 cloak.
  3567 | D:3      | 3567 ||| UPGRADING to +0 pair of gloves.
  3572 | D:3      | 3572 ||| UPGRADING to +0 pair of boots.
  3577 | D:3      | 3577 ||| UPGRADING to ring of protection from fire.
  3578 | D:3      | 3578 ||| UPGRADING to +4 ring of evasion.
  3579 | D:3      | 3579 ||| READING scroll labelled YWNAEP AQIJI.
  3580 | D:3      | 3580 ||| READING 2 scrolls of identify.
  3580 | D:3      | 3580 ||| IDENTIFYING fuming yellow potion
  3581 | D:3      | 3581 ||| DROPPING potion of magic.
  3706 | D:4      | Reached skill level 3 in Armour
  3715 | D:4      | Noticed a +0 short sword
  3715 | D:4      | Noticed a +0 spear
  3716 | D:4      | Noticed a +0 spear
  3716 | D:4      | Noticed a +0 falchion
  3717 | D:4      | Noticed a +0 dagger
  3717 | D:4      | Noticed a +0 short sword
  3718 | D:4      | Noticed a +0 falchion
  3720 | D:4      | Noticed a +0 dagger
  3742 | D:4      | Found a hide-covered altar of Uskayaw.
  3761 | D:4      | 3761 ||| Stepping ~*~*~tactically~*~*~ (stealth).
  3766 | D:4      | Reached skill level 7 in Axes
  3819 | D:4      | 3819 ||| Stepping ~*~*~tactically~*~*~ (stealth).
  3822 | D:4      | 3822 ||| Stepping ~*~*~tactically~*~*~ (stealth).
  3824 | D:4      | 3824 ||| Stepping ~*~*~tactically~*~*~ (hiding).
  3837 | D:4      | Reached XP level 6. HP: 27/53 MP: 5/5
  3838 | D:4      | 3838 ||| INVOKING Berserk.
  3839 | D:4      | HP: 18/79 [poisoned by a killer bee]
  3841 | D:4      | HP: 7/79 [killer bee (3)]
  3844 | D:4      | HP: 2/79 [poisoned by a killer bee]
  3845 | D:4      | Succumbed to a killer bee's poison

Levels and vault maps discovered:
D:1:      nicolae_arrival_somewhat_less_tricky_arrival, layout_basic,
          shapermc_ecumenical_altar_petra, minmay_misc_feat_more_columns,
          minmay_statues_item
D:2:      layout_loops_corners, minmay_misc_feat_room, minmay_crystal_water,
          grunt_ministairs_3, st_stairs_6
D:3:      gammafunk_steamed_eel, layout_rooms, nzn_wu_jian_contemplation,
          nicolae_ashenzari_panopticon, mainiacjoe_overflow_six_doors_small,
          yredelemnul_forgotten_temple_becter
D:4:      layout_basic, nicolae_ru_path_of_blood, nicolae_uskayaw_en_pointe,
          chequers_big_river

Skill      XL: |  1  2  3  4  5 |
---------------+----------------+-----
Axes           | 4 5 6 7 |  7.8
Throwing       | 1 |  1.0
Armour         | 3 |  3.7
Fighting       | 4 |  4.4
Dodging        | |  2.1

Action                   |  1- 3 |  4- 6 || total
-------------------------+-------+-------++-------
Melee: Hand axe          |    68 |    61 ||   129
       Headbutt          |    10 |     6 ||    16
Throw: Javelin           |    18 |    27 ||    45
Invok: Berserk           |       |     1 ||     1
  Use: Scroll            |     2 |     4 ||     6
Armor: Animal skin       |     6 |       ||     6
       Ring mail         |     9 |       ||     9
       Plate armour      |       |    27 ||    27
Dodge: Dodged            |    33 |    23 ||    56
Block: Other             |     7 |    12 ||    19

Table legend:
 A = Non-vault XP
 B = Vault XP
 C = Vault XP percentage of total XP
 D = Non-vault monster count
 E = Vault monster count
 F = Vault count percentage of total count
                 A         B        C        D         E       F
            +---------+---------+-------+---------+---------+-------
      Total |     540 |      10 |   1.8 |      66 |       6 |   8.3
            +---------+---------+-------+---------+---------+-------
        D:1 |      30 |       0 |   0.0 |      16 |       0 |   0.0
        D:2 |      69 |       9 |  11.5 |      17 |       5 |  22.7
        D:3 |     113 |       1 |   0.9 |      19 |       1 |   5.0
        D:4 |     328 |       0 |   0.0 |      14 |       0 |   0.0
            +---------+---------+-------+---------+---------+-------
